 Seeded DCSS version 0.29.1-15-g9cfb28693d (webtiles) character file.

Game seed: 5297477676520237703 (custom seed)

443 GigaChad the Covered (level 6, -20/55 HPs)
             Began as a Minotaur Fighter on Mar 10, 2023.
             Demolished by an ogre
             ... wielding a +0 giant spiked club
              (32 damage)
             ... on level 6 of the Dungeon.
             The game lasted 00:04:26 (2662 turns).

GigaChad the Covered (Minotaur Fighter)             Turns: 2662, Time: 00:04:27

Health: -20/55     AC: 12    Str: 28    XL:     6   Next: 71%
Magic:  5/5        EV:  7    Int:  5    God:
Gold:   158        SH:  4    Dex: 10    Spells: 5/5 levels left

rFire   . . .      SeeInvis .   a - +0 war axe
rCold   . . .      Faith    .   c - +0 buckler
rNeg    . . .      Spirit   .   i - +0 plate armour
rPois   .          Reflect  .   (helmet restricted)
rElec   .          Harm     .   (no cloak)
rCorr   .          Rampage  .   (no gloves)
Will    .....                   (no boots)
Stlth   ..........              (no amulet)
HPRegen 0.18/turn               n - +6 ring of strength
MPRegen 0.09/turn               (no ring)

@: no status effects
A: horns 2, retaliatory headbutt
a: no special abilities


You were on level 6 of the Dungeon.
You visited 1 branch of the dungeon, and saw 4 of its levels.

You collected 158 gold pieces.

Inventory:

Hand Weapons
 a - a +0 war axe (weapon)
Armour
 b - a +0 scale mail
 c - a +0 buckler (worn)
 i - a +0 plate armour (worn)
Jewellery
 j - an amulet of magic regeneration
 n - a +6 ring of strength (left hand)
 s - a ring of flight
Wands
 r - a wand of charming (7)
Scrolls
 e - a scroll of vulnerability {unknown}
 f - 4 scrolls of identify
 g - a scroll of fear {unknown}
 h - 3 scrolls of teleportation {unknown}
 m - a scroll of immolation
 q - a scroll of amnesia {unknown}
 t - a scroll of enchant armour {unknown}
Potions
 d - a potion of might
 k - 2 potions of magic {unknown}
 l - 2 potions of resistance {unknown}
 o - 2 potions of brilliance {unknown}
 p - a potion of attraction {unknown}


   Skills:
 + Level 4.9 Fighting
 + Level 5.8 Axes
 + Level 6.1 Armour
 + Level 4.5 Shields


You had 5 spell levels left.
You didn't know any spells.
Your spell library was empty.

Dungeon Overview and Level Annotations

Branches:
Dungeon (3/15)

Altars:
Xom
The Shining One

Portals:
Abyss: D:3

Annotations:
D:3 2 transporters, mongooserunner's ghost, amateur TrMo


Innate Abilities, Weirdness & Mutations

You have a pair of horns on your head.
You reflexively headbutt those who attack you in melee.


Message History

You headbutt the steam dragon, but do no damage.
The steam dragon is severely wounded.
The steam dragon breathes steam at you. The ball of steam hits you!
The steam dragon bites you.
The steam dragon claws you but does no damage.
You hear a shout!
You barely miss the steam dragon.
The steam dragon is severely wounded.
You are engulfed in a cloud of scalding steam.
The steam dragon barely misses you.
The steam dragon claws you but does no damage.
You hit the steam dragon but do no damage.
The steam dragon is severely wounded.
You are engulfed in a cloud of scalding steam.
The steam dragon bites you but does no damage.
The steam dragon barely misses you.
You closely miss the steam dragon.
The steam dragon is severely wounded.
You are engulfed in a cloud of scalding steam.
You block the steam dragon's attack. The steam dragon completely misses you.
You hit the steam dragon.
The steam dragon is severely wounded.
You are engulfed in a cloud of scalding steam.
* * * LOW HITPOINT WARNING * * *
The steam dragon bites you but does no damage.
The steam dragon barely misses you.
You slash the steam dragon!
You kill the steam dragon!
Your Armour skill increases to level 6!
Found a smoky green potion.
You start resting.
An ogre comes into view. It is wielding a +0 giant spiked club.
An ogre is nearby!
An ogre is nearby!
An ogre is nearby!
The ogre shouts!
The ogre attacks as you move away!
The ogre hits you with a +0 giant spiked club!!
Ouch! That really hurt!
You die...

#### ## ########..### ..##
#...........##### ..[.#
#...........)...# .....#
#...........###.. ......#
##..........# ##⌠ .......##
####..........###♣~
!.......###O@..####.....##..≈
............#### ##....#~^.^
..........### ###..#.♣.~
...........# #..⌠_.~_
...........## ####..#≈
............# #♣.≈♣
............# #^.§
............# ##§~
............# ##⌠


You could see an ogre.

Vanquished Creatures
  A steam dragon (D:6)
  A centaur (D:6)
  A phantom (D:6)
  A hound (D:6)
  An iguana (D:6)
  Ijyb (D:3)
  5 adders
  3 orcs (D:3)
  2 endoplasms
  3 giant cockroaches
  3 goblins
  4 hobgoblins
  2 quokkas
  A ball python (D:2)
  2 bats
  A frilled lizard (D:2)
  5 kobolds
  2 rats
39 creatures vanquished.

Notes
Turn   | Place    | Note
-------+----------+-------------------------------------------
     0 | D:1      | GigaChad the Minotaur Fighter began the quest for the Orb.
     0 | D:1      | Reached XP level 1. HP: 19/19 MP: 0/0
   572 | D:1      | Reached XP level 2. HP: 27/27 MP: 1/1
  1043 | D:2      | Reached skill level 4 in Armour
  1368 | D:2      | Reached XP level 3. HP: 28/33 MP: 2/2
  1625 | D:3      | Noticed a kobold brigand
  1660 | D:3      | Found a one-way gate to the infinite horrors of the Abyss.
  1660 | D:3      | Noticed mongooserunner's ghost (amateur TrMo)
  1664 | D:3      | Found a transporter.
  1679 | D:3      | Found a transporter.
  1726 | D:3      | Noticed Ijyb
  1733 | D:3      | Killed Ijyb
  1924 | D:3      | Reached XP level 4. HP: 24/41 MP: 3/3
  1966 | D:3      | Found a glowing golden altar of the Shining One.
  2148 | D:3      | You fall into a shaft and drop 3 floors!
  2222 | D:6      | Noticed a phantom
  2236 | D:6      | Killed a phantom
  2237 | D:6      | Reached skill level 5 in Armour
  2237 | D:6      | Reached XP level 5. HP: 29/47 MP: 4/4
  2491 | D:6      | Found a shimmering altar of Xom.
  2496 | D:6      | Found a shimmering altar of Xom.
  2505 | D:6      | Noticed a centaur
  2518 | D:6      | Killed a centaur
  2519 | D:6      | Reached skill level 5 in Axes
  2519 | D:6      | Reached XP level 6. HP: 37/53 MP: 5/5
  2629 | D:6      | Noticed a steam dragon
  2642 | D:6      | Killed a steam dragon
  2643 | D:6      | Reached skill level 6 in Armour
  2662 | D:6      | Demolished by an ogre

Illustrated notes

Levels and vault maps discovered:
D:1:      eino_arrival_cavern_d, layout_loops_corners
D:2:      layout_basic, kennysheep_generic_room_4
D:3:      layout_loops_corners, tso_metal_star, gammafunk_ghost_abyssal_escape,
          uniq_ijyb
D:6:      layout_cave_pods, mainiacjoe_overflow_alcove_1, xom_redecorated,
          nicolae_shop_i_like_big_books, nicolae_eternal_life, uniq_eustachio

Skill      XL: |  1  2  3  4  5  6 |
---------------+-------------------+-----
Armour         | 4 5 6 |  6.1
Fighting       | 4 |  4.9
Shields        | 4 |  4.5
Axes           | 3 4 5 |  5.8

Action                   |  1- 3 |  4- 6 || total
-------------------------+-------+-------++-------
Melee: War axe           |    62 |    57 ||   119
       Headbutt          |    11 |     5 ||    16
  Use: Scroll            |     1 |       ||     1
Armor: Scale mail        |     4 |       ||     4
       Plate armour      |    30 |    48 ||    78
Dodge: Dodged            |    24 |    32 ||    56
Block: Buckler           |     8 |    11 ||    19
